 Dungeon Crawl Stone Soup version 0.28-a0-872-g80cf8599ee (webtiles) character file.

Game seed: 18082517472073137059

111 orbtoucher the Grave Robber (level 4, -4/48 HPs)
             Began as a Demonspawn Necromancer on Nov 20, 2021.
             Slain by a worm (8 damage)
             ... on level 3 of the Dungeon.
             The game lasted 00:11:50 (3469 turns).

orbtoucher the Grave Robber (DsNe)                  Turns: 3469, Time: 00:11:51

Health: -4/48      AC: 22    Str:  9    XL:     4   Next: 62%
Magic:  3/8        EV:  2    Int: 17    God:
Gold:   103        SH:  0    Dex: 13    Spells: 3/8 levels left

rFire   . . .      SeeInvis .   m - +2 dagger (vamp)
rCold   . . .      Faith    .   (no shield)
rNeg    . . .      Spirit   .   (armour currently unavailable)
rPois   +          Reflect  .   (helmet currently unavailable)
rElec   .          Harm     .   (cloak currently unavailable)
rCorr   .          Rampage  .   (gloves currently unavailable)
Will    .....      NoTele   +   (boots currently unavailable)
Stlth   ++........              (no amulet)
HPRegen 0.16/turn               (no ring)
MPRegen 0.11/turn               (no ring)

@: tree-form, very slow
A: stationary, stasis, torment immunity, boosted hp, (hooves 1), repulsion field
1
a: no special abilities


You were on level 3 of the Dungeon.
You were a tree.
You visited 1 branch of the dungeon, and saw 3 of its levels.

You collected 103 gold pieces.

Inventory:

Hand Weapons
 e - a +0 hand axe
 m - a +2 vampiric dagger (weapon)
Missiles
 c - 82 stones (quivered)
Armour
 b - a +0 leather armour (melded)
Scrolls
 f - 2 scrolls of teleportation {unknown}
 g - a scroll of fog {unknown}
 h - a scroll of blinking {unknown}
 j - a scroll of fear {unknown}
Potions
 a - 2 potions of lignification
 d - 2 potions of curing {unknown}
 i - a potion of attraction {unknown}
 k - a potion of haste {unknown}
 l - a potion of degeneration {unknown}


   Skills:
 + Level 1.5 Fighting
 + Level 2.4 Dodging
 - Level 2.0 Stealth
 + Level 2.7 Spellcasting
 * Level 5.3 Necromancy


You had 3 spell levels left.
You knew the following spells:

 Your Spells              Type           Power      Damage    Failure   Level
a - Pain                  Necr           80%        1d8       1%          1
d - Vampiric Draining     Necr           20%        2d7       6%          3
p - Animate Skeleton      Necr           40%        N/A       1%          1

Your spell library contained the following spells:

 Spells                   Type           Power      Damage    Failure   Level
 Scorch                   Fire           4%         2d5       26%         2
 Animate Dead             Necr           10%        N/A       21%         4
 Agony                    Necr           20%        N/A       50%         5
 Flame Wave               Conj/Fire      2%         3d3       87%         4
 Freezing Cloud           Conj/Ice/Air   1%         6-21      99%         5
 Simulacrum               Ice/Necr       5%         N/A       100%        6
 Summon Cactus Giant      Summ           1%         N/A       100%        6
 Polar Vortex             Ice            1%         N/A       100%        9


Dungeon Overview and Level Annotations

Branches:
Dungeon (3/15)

Altars:


Innate Abilities, Weirdness & Mutations

You are a tree.
Your roots penetrate the ground, keeping you stationary.
You cannot be teleported.
You are immune to unholy pain and torment.
Your maximum health is greatly increased.
Your equipment is partially melded.
((You have large cloven feet.))
You are surrounded by a mild repulsion field. (EV +2)


Message History

Confirm with . or Enter, or press ? or * to list all spells.
Aiming: Pain (safe; 2% risk of failure)
Press: ? - help, Shift-Dir - straight line, f/p - worm
Aim: a worm (heavily wounded, chance to affect: 85%)
The worm barely resists.
The kobold barely misses you. The worm barely misses you.
It was a potion of lignification.
You turn into a tree.
Your +0 leather armour melds into your body.
Your roots penetrate the ground.
The kobold splashes around in the water.
You hit the worm.
You feel better.
The worm is heavily wounded.
The kobold hits you but does no damage.
The worm splashes around in the water.
You barely miss the worm.
The worm is heavily wounded.
The kobold splashes around in the water.
You barely miss the worm.
The worm is heavily wounded.
The kobold hits you but does no damage. The worm bites you but does no damage.
You barely miss the worm.
The worm is heavily wounded.
The kobold hits you but does no damage. The worm bites you but does no damage.
You completely miss the worm.
The worm is moderately wounded.
The kobold hits you but does no damage.
You hit the worm.
You feel better.
The worm is heavily wounded.
The kobold hits you but does no damage. The worm bites you but does no damage.
You hit the worm.
You feel better.
The worm is heavily wounded.
The kobold hits you but does no damage.
You hit the worm.
The worm is severely wounded.
The kobold hits you but does no damage. The worm bites you!
* * * LOW HITPOINT WARNING * * *
You hit the worm.
You feel better.
The worm is severely wounded.
The kobold splashes around in the water.
The worm bites you!
You die...

# #≈#≈####
#≈≈≈w♣≈# ..
..########K#.....
..≈≈≈≈≈≈≈≈≈#.....
..≈≈#≈#≈####.?.#.
...≈.≈≈≈≈≈.......
.......≈.......#
...............#
...#...K......##
.....##.......###


You could see a worm and a kobold.

Vanquished Creatures
  5 adders
  A river rat (D:3)
  An endoplasm (D:2)
  4 giant cockroaches
  6 goblins
  4 hobgoblins
  2 jackals (D:2)
  4 kobolds
  5 quokkas
  6 ball pythons
  5 bats
  6 frilled lizards
  5 rats
54 creatures vanquished.

Vanquished Creatures (collateral kills)
  A giant cockroach (D:2)
1 creature vanquished.

Grand Total: 55 creatures vanquished

Notes
Turn   | Place    | Note
-------+----------+-------------------------------------------
     0 | D:1      | orbtoucher the Demonspawn Necromancer began the quest for
                  | the Orb.
     0 | D:1      | Reached XP level 1. HP: 13/13 MP: 3/3
   465 | D:1      | Gained mutation: You are surrounded by a mild repulsion
                  | field. (EV +2) [demonic ancestry]
   465 | D:1      | Reached XP level 2. HP: 17/20 MP: 1/5
   688 | D:1      | Learned a level 1 spell: Animate Skeleton
  1582 | D:2      | Reached skill level 1 in Fighting
  1582 | D:2      | Gained mutation: You have large cloven feet. [demonic
                  | ancestry]
  1582 | D:2      | Reached XP level 3. HP: 24/26 MP: 3/6
  1632 | D:2      | Found a faded altar of an unknown god.
  1865 | D:2      | Learned a level 3 spell: Vampiric Draining
  1991 | D:2      | Reached skill level 5 in Necromancy
  2397 | D:2      | Reached XP level 4. HP: 27/32 MP: 1/7
  3468 | D:3      | HP: 2/48 [worm (8)]
  3469 | D:3      | Slain by a worm

Illustrated notes

Levels and vault maps discovered:
D:1:      psy_arrival_dodecagon, layout_basic, chequers_decorated_corner
D:2:      layout_loops_cross, ebering_ecumenical_altar_rust,
          serial_bayou_pond_e, corexii_shack
D:3:      layout_rooms, nicolae_yredelemnul_corpse_copse,
          nicolae_hepliaklqana_hippocampus, lightli_sewer_entry_pipes,
          uniq_terence

Skill      XL: |  1  2  3 |
---------------+----------+-----
Stealth        | 2 |  2.0
Dodging        | 2 |  2.4
Fighting       | 1 |  1.5
Necromancy     | 5 |  5.3
Spellcasting   | |  2.7

Action                   |  1- 3 |  4- 6 || total
-------------------------+-------+-------++-------
Melee: Unarmed           |     6 |       ||     6
       Hand axe          |    20 |       ||    20
       Kick              |     2 |     5 ||     7
       Dagger            |       |    28 ||    28
 Cast: Pain              |    70 |    33 ||   103
       Animate Skeleton  |     3 |     8 ||    11
  Use: Potion            |       |     1 ||     1
 Stab: Sleeping          |     3 |       ||     3
Armor: Leather armour    |     8 |     3 ||    11
       Skin              |       |    10 ||    10
Dodge: Dodged            |    27 |    32 ||    59

Table legend: (Time is in decaauts)
 A = Elapsed time spent in this place.
 B = Non-inter-level travel time spent in this place.
 C = Inter-level travel time spent in this place.
 D = Time resting spent in this place.
 E = Time spent auto-exploring this place.
 F = Levels seen in this place.
 G = Mean time per level.
                   A        B        C        D        E       F      G
               +--------+--------+--------+--------+--------+-----+--------+
         Total |   3479 |   3391 |     88 |   1762 |   1084 |   3 | 1159.7 |
       Dungeon |   3479 |   3391 |     88 |   1762 |   1084 |   3 | 1159.7 |
               +--------+--------+--------+--------+--------+-----+--------+

Top non-repeatable levels by time:
     D:2: 1824 daAuts
     D:1: 1577 daAuts
     D:3: 77 daAuts
